 Dungeon Crawl Stone Soup version 0.27-a0-1189-gb8eb6cee8e (webtiles) character file.

Game seed: 3348342320387241199

42 siradein the Cutter (level 3, 27/27 HPs)
             Began as a Demonspawn Gladiator on May 22, 2021.
             Quit the game on level 2 of the Dungeon.
             The game lasted 00:02:25 (1796 turns).

siradein the Cutter (Demonspawn Gladiator)          Turns: 1796, Time: 00:02:26

Health: 27/27      AC:  5    Str: 14    XL:     3   Next: 35%
Magic:  3/3        EV: 12    Int:  9    God:
Gold:   75         SH:  0    Dex: 15    Spells: 2/2 levels left

rFire    . . .     SeeInvis .   a - +0 rapier
rCold    . . .     Faith    .   (no shield)
rNeg     . . .     Spirit   .   b - +0 leather armour
rPois    .         Reflect  .   (helmet restricted)
rElec    .         Harm     .   (no cloak)
rCorr    .         Rampage  .   (no gloves)
Will     .....                  g - +1 pair of boots
Stlth    +.........             (no amulet)
HPRegen  0.09/turn              (no ring)
MPRegen  0.08/turn              (no ring)

@: no status effects
A: antennae 1
a: no special abilities


You were on level 2 of the Dungeon.
You visited 1 branch of the dungeon, and saw 2 of its levels.

You collected 75 gold pieces.

Inventory:

Hand Weapons
 a - a +0 rapier (weapon)
Missiles
 d - 3 throwing nets (quivered)
Armour
 b - a +0 leather armour (worn)
 g - a +1 pair of boots (worn)
Scrolls
 e - a scroll of teleportation {unknown}
 f - a scroll of magic mapping {unknown}
 h - a scroll of acquirement {unknown}
Potions
 c - a potion of flight {unknown}


   Skills:
 - Level 2.0 Fighting
 + Level 4.1 Short Blades
 - Level 1.7 Throwing
 - Level 2.6 Dodging


You had 2 spell levels left.
You didn't know any spells.
Your spell library contained the following spells:

 Spells                   Type           Power      Damage    Failure   Level
 Magic Dart               Conj           0%         1d3       45%         1
 Blink                    Tloc           N/A        N/A       61%         2
 Call Imp                 Summ           0%         N/A       61%         2
 Slow                     Hex            0%         N/A       61%         2
 Conjure Flame            Conj/Fire      0%         6-21      83%         3
 Mephitic Cloud           Conj/Pois/Air  0%         N/A       83%         3


Dungeon Overview and Level Annotations

Branches:
Dungeon (2/15)

Altars:

Shops:
D:1 [


Innate Abilities, Weirdness & Mutations

You have a pair of small antennae on your head.


Message History

You puncture the endoplasm!
You kill the endoplasm!
No target in view!
No target in view!
No target in view!
Saving game... please wait.
Welcome back, siradein the Demonspawn Gladiator.
Press ? for a list of commands and other information.
HP restored.
You open the door.
There is an open door here.
Found 22 stones.
You now have 75 gold pieces (gained 15).
Found a stone staircase leading up.
Found a quarterstaff.
Found a pair of glowing boots.
A goblin comes into view. It is wielding a +0 dagger.
The goblin shouts!
You see here a +0 quarterstaff.
A goblin is nearby!
The goblin closely misses you.
You hit the goblin but do no damage. The goblin misses you.
You hit the goblin.
The goblin is severely wounded.
The goblin hits you but does no damage.
You hit the goblin.
You kill the goblin!
No target in view!
No target in view!
You see here a +1 pair of boots.
You start putting on your armour.
You continue putting on your +1 pair of boots. x4
You finish putting on your +1 pair of boots.
You open the door.
There is an open door here.
h - a scroll labelled FACITORUTEMM A frilled lizard comes into view.
A frilled lizard is nearby!
A frilled lizard is nearby!
Are you sure you want to abandon this character and quit the game? (Confirm with "yes".)

.................+......
............######......
#######'###).# #......
#.##...## #...###
#.##....# ####'###
#.##....###.......
#.##.....##.......
#.##...#.##.......
#@######..#.......
.l......# ##.#.......
....##### #......... ..
##........ #........
#....(..# ##.#<.###
#.#..# #.#..#


You could see a frilled lizard (asleep).

Vanquished Creatures
  An adder (D:2)
  A ball python (D:1)
  3 endoplasms
  2 giant cockroaches (D:1)
  2 goblins
  6 hobgoblins
  4 jackals (D:1)
  2 quokkas (D:1)
  3 bats (D:1)
  A frilled lizard (D:1)
  2 kobolds (D:1)
  A rat (D:1)
28 creatures vanquished.

Vanquished Creatures (others)
  2 plants (D:1)
2 creatures vanquished.

Grand Total: 30 creatures vanquished

Notes
Turn   | Place    | Note
-------+----------+-------------------------------------------
     0 | D:1      | siradein the Demonspawn Gladiator began the quest for the
                  | Orb.
     0 | D:1      | Reached XP level 1. HP: 16/16 MP: 1/1
   146 | D:1      | Found Kusas's Armour Emporium.
   155 | D:1      | Reached skill level 3 in Short Blades
   285 | D:1      | Gained mutation: You have a pair of small antennae on your
                  | head. [demonic ancestry]
   285 | D:1      | Reached XP level 2. HP: 22/22 MP: 2/2
   440 | D:1      | Found a faded altar of an unknown god.
  1423 | D:2      | Reached XP level 3. HP: 24/27 MP: 3/3
  1475 | D:2      | Reached skill level 4 in Short Blades
  1796 | D:2      | Quit the game

Illustrated notes

Levels and vault maps discovered:
D:1:      dpeg_arrival_simpleton_a, layout_loops_ring,
          ebering_ecumenical_altar_mist, serial_forest,
          infiniplex_forest_lined_2, infiniplex_forest_straight_2,
          infiniplex_forest_clump_tiny, infiniplex_forest_clump_tiny,
          infiniplex_forest_lined_3, serial_shops, shop, minmay_heptomino_l4
D:2:      layout_basic

Skill      XL: |  1  2  3 |
---------------+----------+-----
Short Blades   | 3 4 |  4.1
Fighting       | |  2.0
Throwing       | |  1.7
Dodging        | |  2.6

Action                   || total
-------------------------++-------
Melee: Rapier            ||    97
Armor: Leather armour    ||    25
Dodge: Dodged            ||    49

Table legend: (Time is in decaauts)
 A = Elapsed time spent in this place.
 B = Non-inter-level travel time spent in this place.
 C = Inter-level travel time spent in this place.
 D = Time resting spent in this place.
 E = Time spent auto-exploring this place.
 F = Levels seen in this place.
 G = Mean time per level.
                   A        B        C        D        E       F      G
               +--------+--------+--------+--------+--------+-----+--------+
         Total |   1799 |   1757 |     42 |      0 |   1565 |   2 |  899.5 |
       Dungeon |   1799 |   1757 |     42 |      0 |   1565 |   2 |  899.5 |
               +--------+--------+--------+--------+--------+-----+--------+

Top non-repeatable levels by time:
     D:1: 1418 daAuts
     D:2: 381 daAuts
